[ AOE2 MATCH · #484635193 ]
UnrankedShu vs Romans
Player's team · WIN
Rival team · LOSS
[ REPLAY ANALYSIS · EXTRACTED FROM THE RECORDED GAME ]
Feudal
—
Castle
10:56
Imperial
—
| APM avg | 51.2 |
| APM peak | 89 |
| eAPM avg | 17.8 |
| Villagers / military | 32 / 104 |
Focus
⚔️ 24.8% · 🌾 75.2%
Archer ×93 · Scout Cavalry ×5 · Mangonel ×3 · Battering Ram ×3
Feudal
—
Castle
10:49
Imperial
—
| APM avg | 26.7 |
| APM peak | 87 |
| eAPM avg | 21.5 |
| Villagers / military | 81 / 126 |
Focus
⚔️ 27.2% · 🌾 72.8%
Militia ×63 · Skirmisher ×56 · Centurion ×7
Match map
Initial resources + every placement click. Lines = walls · curves = elevation contours. ◆ gold · ⬟ stone · ● berries · ✦ relic · ◌ wall gap
Your base· Open — opponent sealed themselves in
John Kennedy's base· ✓ Closed at 10:49 · 57t walls · 2 gate(s)
Smoothed initial terrain · ◌ = detected wall gap · hover for details
Inputs per minute
— SBCK - - John Kennedy
Build order — SBCK
130 actions detected in the replay
| 0:35 | Create | Villager (Male) |
| 0:45 | Create | Villager (Male) |
| 0:47 | Create | Villager (Male) |
| 0:57 | Build | House |
| 1:03 | Build | Archery Range |
| 1:05 | Create | Villager (Male) |
| 1:07 | Build | Farm |
| 1:11 | Create | Villager (Male) |
| 1:21 | Build | House |
| 1:53 | Create | Villager (Male) |
| 2:02 | Create | Archer |
| 2:02 | Create | Archer |
| 2:08 | Build | Stable |
| 2:32 | Create | Villager (Male) |
| 2:40 | Create | Archer |
| 2:44 | Research | Fletching |
| 2:50 | Build | House |
| 2:55 | Create | Villager (Male) |
| 3:17 | Create | Scout Cavalry |
| 3:17 | Create | Scout Cavalry |
| 3:35 | Build | Archery Range |
| 3:37 | Create | Villager (Male) |
| 3:39 | Build | Farm |
| 3:43 | Build | House |
| 4:02 | Create | Scout Cavalry |
| 4:14 | Build | Palisade Wall |
| 4:15 | Build | Palisade Wall |
| 4:21 | Build | Farm |
| 4:35 | Create | Villager (Male) |
| 4:40 | Research | Padded Archer Armor |
| 4:41 | Research | Padded Archer Armor |
| 4:46 | Build | Mining Camp |
| 4:52 | Create | Villager (Male) |
| 5:01 | Create | Archer ×5 |
| 5:04 | Build | House |
| 5:30 | Create | Villager (Male) |
| 5:55 | Create | Scout Cavalry |
| 5:55 | Create | Scout Cavalry |
| 6:01 | Build | Farm |
| 6:12 | Create | Archer |
| 6:12 | Create | Archer |
| 6:37 | Create | Villager (Male) |
| 6:42 | Research | Double-Bit Axe |
| 6:42 | Research | Double-Bit Axe |
| 6:49 | Build | Palisade Wall |
| 6:49 | Build | Palisade Wall |
| 6:51 | Create | Villager (Male) |
| 7:51 | Build | Farm |
| 8:10 | Build | Farm |
| 8:16 | Research | Castle Age |
| 8:26 | Build | Archery Range |
| 9:01 | Build | House |
| 9:02 | Build | House |
| 9:21 | Build | Stone Wall |
| 10:56 | Age | Castle Age |
| 11:00 | Research | Thumb Ring |
| 11:04 | Research | Crossbowman (upgrade) |
| 11:08 | Create | Archer ×5 |
| 11:08 | Create | Archer ×5 |
| 11:08 | Create | Archer ×4 |
| 11:29 | Build | Siege Workshop |
| 11:33 | Create | Villager (Male) |
| 11:36 | Research | Bodkin Arrow |
| 11:36 | Research | Bodkin Arrow |
| 12:43 | Create | Battering Ram |
| 12:43 | Create | Battering Ram |
| 12:52 | Build | Farm |
| 13:06 | Build | Town Center |
| 13:30 | Build | Archery Range |
| 13:35 | Create | Villager (Male) |
| 13:42 | Research | Leather Archer Armor |
| 13:46 | Create | Villager (Male) |
| 14:11 | Build | House |
| 14:16 | Research | Bow Saw |
| 14:16 | Research | Bow Saw |
| 14:22 | Create | Villager (Male) |
| 14:27 | Create | Battering Ram |
| 14:36 | Build | Archery Range |
| 16:44 | Create | Mangonel |
| 17:00 | Create | Villager (Male) |
| 17:05 | Build | Mining Camp |
| 17:06 | Create | Villager (Male) |
| 17:06 | Create | Villager (Male) |
| 17:10 | Create | Villager (Male) |
| 17:19 | Build | University |
| 17:37 | Create | Archer ×5 |
| 17:38 | Create | Archer ×5 |
| 17:38 | Create | Archer ×3 |
| 18:09 | Research | Gold Mining |
| 18:09 | Research | Gold Mining |
| 18:40 | Build | Castle |
| 18:49 | Build | Farm |
| 18:52 | Research | Wheelbarrow |
| 19:07 | Create | Villager (Male) |
| 19:07 | Create | Villager (Male) |
| 19:17 | Create | Villager (Male) |
| 19:19 | Create | Villager (Male) |
| 19:32 | Create | Archer ×5 |
| 19:32 | Create | Archer ×5 |
| 19:32 | Create | Archer ×5 |
| 19:33 | Create | Archer |
| 19:45 | Build | Mining Camp |
| 19:47 | Create | Villager (Male) |
| 20:15 | Create | Villager (Male) |
| 20:41 | Build | Siege Workshop |
| 20:54 | Build | Archery Range |
| 21:08 | Build | Farm |
| 21:09 | Build | Farm |
| 21:53 | Build | Archery Range |
| 21:59 | Create | Mangonel |
| 21:59 | Create | Mangonel |
| 22:16 | Create | Archer ×5 |
| 22:16 | Create | Archer ×5 |
| 22:16 | Create | Archer ×5 |
| 22:17 | Create | Archer ×5 |
| 22:33 | Build | Archery Range |
| 22:43 | Build | Mining Camp |
| 22:52 | Create | Archer ×5 |
| 22:53 | Create | Archer ×5 |
| 23:04 | Create | Villager (Male) |
| 23:09 | Create | Villager (Male) |
| 23:27 | Research | Ballistics |
| 23:28 | Research | Ballistics |
| 23:45 | Build | House |
| 23:46 | Build | House |
| 23:47 | Build | House |
| 24:11 | Create | Archer ×5 |
| 24:11 | Create | Archer ×5 |
| 24:37 | Create | Villager (Male) |
| 24:37 | Create | Villager (Male) |
Build order — John Kennedy
First 150 of 244 actions detected
| 0:01 | Create | Villager (Male) |
| 0:04 | Create | Villager (Male) |
| 0:04 | Create | Villager (Male) |
| 0:04 | Create | Villager (Male) |
| 0:05 | Create | Villager (Male) |
| 0:05 | Create | Villager (Male) |
| 0:05 | Create | Villager (Male) |
| 0:05 | Create | Villager (Male) |
| 0:17 | Build | Barracks |
| 0:29 | Build | House |
| 0:50 | Build | House |
| 0:52 | Research | Man-at-Arms (upgrade) |
| 1:03 | Build | Palisade Wall |
| 1:07 | Build | Palisade Wall |
| 1:10 | Create | Villager (Male) |
| 1:37 | Build | Palisade Gate |
| 1:39 | Create | Villager (Male) |
| 1:46 | Build | Mining Camp |
| 1:55 | Create | Militia |
| 1:58 | Research | Scale Mail Armor |
| 2:12 | Create | Villager (Male) |
| 2:12 | Create | Villager (Male) |
| 2:12 | Create | Villager (Male) |
| 2:20 | Build | Mill |
| 2:50 | Create | Villager (Male) |
| 3:01 | Build | Barracks |
| 3:26 | Create | Villager (Male) |
| 3:36 | Create | Villager (Male) |
| 3:42 | Build | Palisade Wall |
| 3:44 | Build | Palisade Gate |
| 3:48 | Create | Militia ×2 |
| 3:48 | Create | Militia ×2 |
| 3:49 | Create | Militia ×2 |
| 3:49 | Create | Militia |
| 3:59 | Create | Villager (Male) |
| 3:59 | Create | Villager (Male) |
| 4:12 | Build | Mill |
| 4:17 | Build | Farm |
| 4:17 | Build | Farm |
| 4:18 | Build | Farm |
| 4:20 | Create | Villager (Male) |
| 4:47 | Build | House |
| 4:58 | Build | Stone Wall |
| 5:09 | Create | Villager (Male) |
| 5:15 | Build | House |
| 5:16 | Build | House |
| 5:54 | Build | Watch Tower |
| 6:00 | Build | Archery Range |
| 6:03 | Create | Militia ×5 |
| 6:09 | Create | Villager (Male) |
| 6:12 | Create | Villager (Male) |
| 6:23 | Build | Stone Wall |
| 6:41 | Build | Watch Tower |
| 6:42 | Create | Villager (Male) |
| 6:47 | Build | Farm |
| 6:47 | Build | Farm |
| 6:48 | Create | Skirmisher |
| 6:49 | Create | Skirmisher |
| 7:00 | Build | Market |
| 7:11 | Create | Villager (Male) |
| 7:19 | Build | Farm |
| 7:19 | Build | Farm |
| 7:19 | Build | Farm |
| 7:27 | Build | Stone Wall |
| 8:09 | Research | Castle Age |
| 8:09 | Research | Castle Age |
| 8:09 | Research | Castle Age |
| 8:30 | Build | Watch Tower |
| 8:39 | Create | Skirmisher |
| 8:39 | Create | Skirmisher |
| 9:05 | Create | Skirmisher |
| 9:22 | Create | Militia ×5 |
| 9:39 | Build | Archery Range |
| 10:25 | Create | Skirmisher ×2 |
| 10:26 | Create | Skirmisher ×2 |
| 10:26 | Create | Skirmisher ×2 |
| 10:35 | Build | House |
| 10:49 | Age | Castle Age |
| 10:50 | Research | Long Swordsman (upgrade) |
| 10:50 | Research | Long Swordsman (upgrade) |
| 10:50 | Research | Long Swordsman (upgrade) |
| 10:56 | Research | Chain Mail Armor |
| 10:56 | Research | Chain Mail Armor |
| 10:59 | Create | Skirmisher ×2 |
| 10:59 | Create | Skirmisher ×2 |
| 11:00 | Create | Skirmisher ×2 |
| 11:26 | Build | Mill |
| 11:39 | Create | Villager (Male) |
| 11:39 | Create | Villager (Male) |
| 11:39 | Create | Villager (Male) |
| 11:40 | Create | Villager (Male) |
| 12:27 | Research | Elite Skirmisher (upgrade) |
| 12:27 | Research | Elite Skirmisher (upgrade) |
| 12:28 | Research | Elite Skirmisher (upgrade) |
| 12:43 | Create | Militia ×5 |
| 12:49 | Build | House |
| 13:08 | Build | Mill |
| 13:27 | Create | Skirmisher |
| 13:30 | Create | Militia ×5 |
| 13:33 | Build | House |
| 13:46 | Research | Fletching |
| 13:46 | Research | Fletching |
| 13:46 | Research | Fletching |
| 13:58 | Build | House |
| 14:04 | Create | Skirmisher |
| 14:04 | Create | Skirmisher |
| 14:05 | Create | Skirmisher |
| 14:07 | Create | Skirmisher |
| 14:07 | Create | Skirmisher |
| 14:07 | Create | Skirmisher |
| 14:12 | Create | Skirmisher |
| 14:12 | Create | Skirmisher |
| 14:29 | Build | Lumber Camp |
| 14:33 | Create | Militia ×4 |
| 14:37 | Create | Skirmisher |
| 14:38 | Create | Skirmisher |
| 14:38 | Create | Skirmisher |
| 14:46 | Build | House |
| 14:54 | Build | House |
| 15:43 | Create | Militia ×5 |
| 15:43 | Create | Militia ×5 |
| 15:44 | Create | Militia ×5 |
| 15:44 | Create | Militia |
| 15:49 | Create | Villager (Male) |
| 15:49 | Create | Villager (Male) |
| 15:50 | Create | Villager (Male) |
| 15:50 | Create | Villager (Male) |
| 16:23 | Create | Militia |
| 16:25 | Create | Skirmisher ×5 |
| 16:25 | Create | Skirmisher ×5 |
| 16:26 | Create | Skirmisher ×5 |
| 16:26 | Create | Skirmisher ×4 |
| 16:49 | Create | Villager (Male) |
| 17:00 | Build | Town Center |
| 17:06 | Create | Villager (Male) |
| 17:06 | Create | Villager (Male) |
| 17:06 | Create | Villager (Male) |
| 17:08 | Create | Villager (Male) |
| 17:08 | Create | Villager (Male) |
| 17:30 | Create | Villager (Male) |
| 17:43 | Create | Villager (Male) |
| 17:43 | Create | Villager (Male) |
| 17:46 | Create | Villager (Male) |
| 17:46 | Create | Villager (Male) |
| 17:46 | Create | Villager (Male) |
| 17:47 | Create | Villager (Male) |
| 17:54 | Create | Villager (Male) |
| 17:56 | Create | Villager (Male) |
| 17:57 | Create | Villager (Male) |
| 18:11 | Create | Villager (Male) |
Match timeline
| 0:17 | John Kennedy · first_building Barracks |
| 1:03 | SBCK · first_building Archery Range |
| 1:03 | John Kennedy · wall_segment Palisade Wall x13 |
| 1:07 | John Kennedy · wall_segment Palisade Wall x1 |
| 2:08 | SBCK · first_building Stable |
| 3:42 | John Kennedy · wall_segment Palisade Wall x11 |
| 4:14 | SBCK · wall_segment Palisade Wall x5 |
| 4:15 | SBCK · wall_segment Palisade Wall x1 |
| 4:58 | John Kennedy · wall_segment Stone Wall x16 |
| 6:00 | John Kennedy · first_building Archery Range |
| 6:23 | John Kennedy · wall_segment Stone Wall x8 |
| 6:49 | SBCK · wall_segment Palisade Wall x5 |
| 6:49 | SBCK · wall_segment Palisade Wall x1 |
| 7:27 | John Kennedy · wall_segment Stone Wall x8 |
| 7:48 | John Kennedy · first_market_buy 100 food |
| 8:21 | John Kennedy · first_market_sell 100 wood |
| 9:21 | SBCK · wall_segment Stone Wall x1 |
| 10:49 | John Kennedy · age_up castle |
| 10:56 | SBCK · age_up castle |
| 11:29 | SBCK · first_building Siege Workshop |
| 18:40 | SBCK · first_building Castle |
| 21:24 | John Kennedy · first_building Castle |
| 25:38 | John Kennedy · first_building Siege Workshop |
| 25:51 | John Kennedy · resign |
[ AI ANALYSIS · 1 CREDIT ]
What really happened in this match?
Wolo.gg analyzes every decision: build order, eco, micro, common mistakes by bracket. Personalized analysis on WhatsApp or Discord in 30 seconds.
Civ guide
Shu
Perfil
Jugador #20827948